 Dungeon Crawl Stone Soup version 0.23.0 (webtiles) character file.

Game seed: 9139940707098436928

142 Borgoz the Skirmisher (level 5, -11/49 HPs)
             Began as a Gargoyle Abyssal Knight on Feb 9, 2019.
             Was a Believer of Lugonu.
             Mangled by an ogre
             ... wielding a +0 giant club
              (15 damage)
             ... on level 4 of the Dungeon.
             The game lasted 00:03:53 (2730 turns).

Borgoz the Skirmisher (Gargoyle Abyssal Knight)     Turns: 2730, Time: 00:03:53

Health: -11/49     AC: 15    Str: 20    XL:     5   Next: 25%
Magic:  7/7        EV: 13    Int: 18    God:    Lugonu [**....]
Gold:   144        SH:  0    Dex: 15    Spells: 4/4 levels left

rFire    + . .     SeeInvis .   a - +1 mace
rCold    + . .     Gourm    .   (no shield)
rNeg     + . .     Faith    .   g - +0 chain mail
rPois    ∞         Spirit   .   u - +2 hat
rElec    +         Reflect  .   (no cloak)
rCorr    +         Harm     .   (no gloves)
MR       .....                  (no boots)
Stlth    ..........             (no amulet)
HPRegen  0.16/turn              b - ring of stealth
MPRegen  0.10/turn              (no ring)

@: brilliant, agile, berserking, resistant, flying, very quick
A: negative energy resistance 1, electricity resistance, unbreathing,
petrification resistance, rot immunity, AC +4
a: Depart the Abyss, Bend Space, Renounce Religion


You were on level 4 of the Dungeon.
You worshipped Lugonu.
Lugonu was pleased with you.
You were not hungry.

You visited 1 branch of the dungeon, and saw 4 of its levels.
You visited the Abyss 1 time.

You collected 144 gold pieces.

Inventory:

Hand Weapons
 a - a +1 mace (weapon)
Missiles
 f - a throwing net (quivered)
Armour
 g - a +0 chain mail (worn)
 u - a +2 hat (worn)
Jewellery
 b - a ring of stealth (left hand)
Scrolls
 d - 5 scrolls of identify {unknown}
 e - 2 scrolls of blinking {unknown}
 k - a scroll of teleportation {unknown}
 m - a scroll of enchant armour {unknown}
 p - 4 scrolls of remove curse {unknown}
 r - a scroll of fear {unknown}
 t - a scroll of random uselessness {unknown}
Potions
 l - a potion of flight
 n - a potion of brilliance
 q - a potion of experience {unknown}
 s - a potion of heal wounds {unknown}
Comestibles
 c - 9 rations
 v - 2 chunks of flesh


   Skills:
 + Level 4.1 Fighting
 + Level 2.9 Maces & Flails
 + Level 3.2 Armour
 + Level 1.8 Dodging
 + Level 3.0 Invocations


You had 4 spell levels left.
You didn't know any spells.
Your spell library contained the following spells:

 Spells                   Type           Power        Failure   Level  Hunger
 Magic Dart               Conj           ##..         22%         1    ##.....
 Blink                    Tloc           N/A          32%         2    ###....
 Call Imp                 Summ           ##......     32%         2    ###....
 Slow                     Hex            ##......     32%         2    ###....
 Conjure Flame            Conj/Fire      ##......     50%         3    ####...
 Mephitic Cloud           Conj/Pois/Air  ##......     50%         3    ####...


Dungeon Overview and Level Annotations

Branches:
Dungeon (4/15)
 Temple: D:4-7

Altars:
Dithmenos
Yredelemnul

Annotations:
D:3 1 transporter, p0werm0de's ghost, amateur DsWn


Innate Abilities, Weirdness & Mutations

You are resistant to torment.
Your stone body is resilient. (AC +4)
You are immune to poison.
You resist negative energy. (rN+)
You are resistant to electric shocks. (rElec)
You can survive without breathing.
You are immune to petrification.
You are immune to rotting.


Message History

It was a potion of agility.
You feel agile all of a sudden. The ogre misses you.
It was a potion of flight.
You feel very buoyant.
You fly up into the air.
The ogre hits you with a +0 giant club!
* * * LOW HITPOINT WARNING * * *
It was a potion of magic.
Magic courses through your body. The ogre misses you.
It was a potion of resistance.
You feel protected.
It was a potion of brilliance.
You feel clever all of a sudden. The ogre barely misses you.
It was a potion of berserk rage.
A red film seems to cover your vision as you go berserk!
You feel yourself moving faster!
You feel mighty! The ogre barely misses you.
You hit the ogre.
The ogre is heavily wounded.
The ogre hits you with a +0 giant club!
You die...

..... .... .... #..
#o. #O# #O# #@## #..
#..# #..# ##..#
##...#####.#.#
#............####.
##..............>..#
#...............####
##................#
#.................#


You could see 2 ogres and an orc.

Vanquished Creatures
  An orc wizard (D:2)
  A worker ant (D:3)
  3 adders (D:2)
  A dart slug (D:1)
  3 leopard geckos
  4 orcs
  2 ball pythons (D:3)
  11 bats
  2 giant cockroaches
  3 goblins
  4 hobgoblins
  7 jackals
  2 quokkas
  3 frilled lizards
  5 kobolds
  3 rats
55 creatures vanquished.

Notes
Turn   | Place    | Note
-------+----------+-------------------------------------------
     0 | Abyss:1  | Borgoz the Gargoyle Abyssal Knight began the quest for the
                  | Orb.
     0 | Abyss:1  | Reached XP level 1. HP: 14/14 MP: 2/2
    31 | Abyss:1  | Noticed a large abomination
    32 | D:1      | Escaped the Abyss
   110 | D:1      | Reached * piety under Lugonu
   161 | D:1      | Reached skill level 1 in Dodging
   161 | D:1      | Reached XP level 2. HP: 18/19 MP: 3/3
   733 | D:2      | Reached XP level 3. HP: 19/24 MP: 4/4
   972 | D:2      | Reached XP level 4. HP: 29/29 MP: 4/6
  1203 | D:2      | Reached ** piety under Lugonu
  1706 | D:3      | Noticed p0werm0de's ghost (amateur DsWn)
  1707 | D:3      | Noticed an ogre
  1709 | D:3      | Identified the +3 dire flail "Guisheipn" {holy, rElec rC+++
                  | Int-3 Stlth+}
  1709 | D:3      | Noticed an ogre
  1935 | D:3      | Found a transporter.
  1935 | D:3      | Noticed an ogre
  2042 | D:3      | Reached skill level 4 in Fighting
  2140 | D:3      | Reached XP level 5. HP: 29/33 MP: 7/7
  2185 | D:3      | Found a shadowy altar of Dithmenos.
  2610 | D:3      | Found a basalt altar of Yredelemnul.
  2718 | D:4      | Noticed an ogre
  2719 | D:4      | Noticed an ogre
  2730 | D:4      | Mangled by an ogre

Skill      XL: |  1  2  3  4 |
---------------+-------------+-----
Dodging        | 1 |  1.8
Armour         | 3 |  3.2
Fighting       | 4 |  4.1
Invocations    | 3 |  3.0
Maces & Flails | |  2.9

Action                   |  1- 3 |  4- 6 || total
-------------------------+-------+-------++-------
Melee: Mace              |    92 |   120 ||   212
Invok: Depart the Abyss  |     1 |       ||     1
  Use: Potion            |       |     6 ||     6
  Eat: Chunk             |       |     6 ||     6
Armor: Leather armour    |     7 |       ||     7
       Chain mail        |    84 |   124 ||   208
Dodge: Dodged            |    42 |    62 ||   104
